 Dungeon Crawl Stone Soup version 0.28-a0-1594-ga885d4b3d6 (webtiles) character file.

Game seed: 8660764792231035707

23 issech the Ducker (level 2, -2/29 HPs)
             Began as a Troll Fighter on Jan 21, 2022.
             Slain by a worm (9 damage)
             ... on level 2 of the Dungeon.
             The game lasted 00:03:05 (879 turns).

issech the Ducker (Troll Fighter)                    Turns: 879, Time: 00:03:06

Health: -2/29      AC:  4    Str: 23    XL:     2   Next: 72%
Magic:  1/1        EV:  8    Int:  4    God:
Gold:   30         SH:  7    Dex:  9    Spells: 1/1 levels left

rFire   . . .      SeeInvis .   h - +0 whip
rCold   . . .      Faith    .   c - +0 kite shield
rNeg    . . .      Spirit   .   b - +0 robe
rPois   .          Reflect  .   (helmet restricted)
rElec   .          Harm     .   (no cloak)
rCorr   .          Rampage  .   (gloves unavailable)
Will    .....                   (boots unavailable)
Stlth   +.........              (no amulet)
HPRegen 0.89/turn               (no ring)
MPRegen 0.07/turn               (no ring)

@: no status effects
A: large, unfitting armour, claws 3, regeneration 1, shaggy fur 1, tough skin 1
a: no special abilities


You were on level 2 of the Dungeon.
You visited 1 branch of the dungeon, and saw 2 of its levels.

You collected 30 gold pieces.

Inventory:

Hand Weapons
 a - a +0 flail
 h - a +0 whip (weapon)
Missiles
 e - 2 boomerangs (quivered)
 i - 7 stones
Armour
 b - a +0 robe (worn)
 c - a +0 kite shield (worn)
Scrolls
 j - a scroll of enchant weapon {unknown}
 k - 2 scrolls of identify {unknown}
 l - a scroll of fear {unknown}
 m - a scroll of magic mapping {unknown}
Potions
 d - a potion of might
 f - a potion of lignification {unknown}
 g - 3 potions of haste {unknown}


   Skills:
 + Level 2.6 Fighting
 + Level 2.1 Maces & Flails
 + Level 2.7 Dodging
 + Level 2.6 Shields


You had one spell level left.
You didn't know any spells.
Your spell library was empty.

Dungeon Overview and Level Annotations

Branches:
Dungeon (2/15)

Altars:


Innate Abilities, Weirdness & Mutations

You are too large for most types of armour.
You have claws for hands.
Your natural rate of healing is unusually fast.
You are covered in fur. (AC +1)
You have tough skin. (AC +1)


Message History

You kill the quokka!
You see here a quokka corpse.
Done exploring.
There is a stone staircase leading down here.
There is a stone staircase leading down here.
You climb downwards.
Found a murky purple potion.
There is a stone staircase leading up here.
g - 3 murky purple potions (gained 1)
Found a robe.
Found a leather armour.
You see here a +0 robe.
You see here a +0 leather armour.
A worm comes into view.
The worm bites you!
You barely miss the worm. You hit the worm.
The worm is lightly wounded.
The worm bites you!
You hit the worm but do no damage. The worm bites you.
You hit the worm but do no damage. You hit the worm.
The worm is lightly wounded.
The worm bites you!
* * * LOW HITPOINT WARNING * * *
You hit the worm.
The worm is lightly wounded.
The worm closely misses you.
You see here a +0 robe.
You hit the worm.
The worm is lightly wounded.
The worm bites you!
You barely miss the worm.
The worm is lightly wounded.
The worm bites you but does no damage. The worm bites you!
* * * LOW HITPOINT WARNING * * *
You hit the worm but do no damage. The worm bites you!
You die...

### ####################
#.. ..##..............# #.#
#.##.......######.# #.#
#####.##.......######.#
#.###..................##.#
#.##.......#.......###.##.#
#.#[......@#.......###.##.#
#....[...w.#........<......
###......#.###...##########
#..##..#.# ##.## #........#
#.# #.###..### #.# #.. ...#
#+# #####.## #.#


You could see a worm.

Vanquished Creatures
  A dart slug (D:1)
  A bat (D:1)
  2 giant cockroaches (D:1)
  2 hobgoblins (D:1)
  4 jackals (D:1)
  3 kobolds (D:1)
  A quokka (D:1)
  A frilled lizard (D:1)
  A rat (D:1)
  A spectral goblin (D:1)
17 creatures vanquished.

Notes
Turn   | Place    | Note
-------+----------+-------------------------------------------
     0 | D:1      | issech the Troll Fighter began the quest for the Orb.
     0 | D:1      | Reached XP level 1. HP: 22/22 MP: 0/0
   102 | D:1      | Reached XP level 2. HP: 29/29 MP: 1/1
   488 | D:1      | Found a faded altar of an unknown god.
   879 | D:2      | Slain by a worm

Illustrated notes

Levels and vault maps discovered:
D:1:      lightli_arrival_windingriver, layout_loops_cross,
          dreamdust_ecumenical_altar_drowned_temple
D:2:      layout_loops_corners, uniq_terence

Skill      XL: |  1  2 |
---------------+-------+-----
Maces & Flails | 2 |  2.1
Fighting       | |  2.6
Dodging        | |  2.7
Shields        | |  2.6

Action                   || total
-------------------------++-------
Melee: Flail             ||    36
       Whip              ||    37
Armor: Robe              ||    30
Dodge: Dodged            ||    33
Block: Kite shield       ||    27

Table legend: (Time is in decaauts)
 A = Elapsed time spent in this place.
 B = Non-inter-level travel time spent in this place.
 C = Inter-level travel time spent in this place.
 D = Time resting spent in this place.
 E = Time spent auto-exploring this place.
 F = Levels seen in this place.
 G = Mean time per level.
                   A        B        C        D        E       F      G
               +--------+--------+--------+--------+--------+-----+--------+
         Total |    909 |    874 |     35 |      0 |    383 |   2 |  454.5 |
       Dungeon |    909 |    874 |     35 |      0 |    383 |   2 |  454.5 |
               +--------+--------+--------+--------+--------+-----+--------+

Top non-repeatable levels by time:
     D:1: 836 daAuts
     D:2: 72 daAuts
